 Dungeon Crawl Stone Soup version 0.28.0-53-g5a82cb258f (webtiles) character file.

Game seed: 12419573490468191844

52 Duralumin the Gusty (level 3, -3/24 HPs)
             Began as a Demonspawn Air Elementalist on July 24, 2022.
             Slain by a hobgoblin (5 damage)
             ... led by Robin
             ... on level 2 of the Dungeon.
             The game lasted 00:05:45 (1115 turns).

Duralumin the Gusty (Demonspawn Air Elementalist)   Turns: 1115, Time: 00:05:46

Health: -3/24      AC:  2    Str:  8    XL:     3   Next: 60%
Magic:  0/7        EV: 12    Int: 24    God:
Gold:   40         SH:  0    Dex: 13    Spells: 4/7 levels left

rFire   . . .      SeeInvis .   (no weapon)
rCold   . . .      Faith    .   (no shield)
rNeg    . . .      Spirit   .   a - +0 robe
rPois   .          Reflect  .   (no helmet)
rElec   .          Harm     .   (no cloak)
rCorr   .          Rampage  .   (no gloves)
Will    .....                   (no boots)
Stlth   ++........              (no amulet)
HPRegen 0.08/turn               d - +6 ring of intelligence
MPRegen 0.10/turn               (no ring)

@: flying
A: claws 1, hooves 1
a: no special abilities


You were on level 2 of the Dungeon.
You visited 1 branch of the dungeon, and saw 2 of its levels.

You collected 40 gold pieces.

Inventory:

Armour
 a - a +0 robe (worn)
Jewellery
 d - a +6 ring of intelligence (left claw)
Scrolls
 b - a scroll of immolation {unknown}
 c - a scroll of vulnerability {unknown}
 f - a scroll of brand weapon {unknown}
 g - a scroll of identify {unknown}


   Skills:
 - Level 1.7 Dodging
 - Level 1.7 Stealth
 + Level 2.6 Spellcasting
 + Level 2.1 Conjurations
 + Level 3.2 Air Magic


You had 4 spell levels left.
You knew the following spells:

 Your Spells              Type           Power      Damage    Failure   Level
a - Shock                 Conj/Air       64%        1d7       3%          1
b - Static Discharge      Conj/Air       16%        N/A       5%          2

Your spell library contained the following spells:

 Spells                   Type           Power      Damage    Failure   Level
 Swiftness                Air            19%        N/A       9%          3
 Airstrike                Air            9%         N/A       28%         4


Dungeon Overview and Level Annotations

Branches:
Dungeon (2/15)

Altars:


Innate Abilities, Weirdness & Mutations

You have sharp fingernails.
You have large cloven feet.


Message History

Confirm with . or Enter, or press ? or * to list all spells.
Aiming: Shock (safe; 4% risk of failure)
Press: ? - help, Shift-Dir - straight line, f/p - Robin
Aim: Robin, wielding a +0 falchion, wearing a +0 animal skin, wearing a +0 helmet and carrying a wand of polymorph (13) (moderately wounded, 79% to hit)
The zap hits the hobgoblin.
You kill the hobgoblin!
The zap hits the hobgoblin.
You kill the hobgoblin!
The zap hits Robin.
Robin is heavily wounded.
The goblin hits you with a +0 club.
Casting: Shock (safe; 3% risk of failure)
Confirm with . or Enter, or press ? or * to list all spells.
Aiming: Shock (safe; 3% risk of failure)
Press: ? - help, Shift-Dir - straight line, f/p - Robin
Aim: Robin, wielding a +0 falchion, wearing a +0 animal skin, wearing a +0 helmet and carrying a wand of polymorph (13) (heavily wounded, 79% to hit)
The zap misses the hobgoblin.
The zap hits the goblin.
You kill the goblin!
The zap hits Robin.
Robin is almost dead.
The goblin hits you with a +0 club.
The hobgoblin hits you but does no damage.
Casting: Shock (safe; 3% risk of failure)
Confirm with . or Enter, or press ? or * to list all spells.
Aiming: Shock (safe; 3% risk of failure)
Press: ? - help, Shift-Dir - straight line, f/p - Robin
Aim: Robin, wielding a +0 falchion, wearing a +0 animal skin, wearing a +0 helmet and carrying a wand of polymorph (13) (almost dead, 79% to hit)
The zap hits the hobgoblin.
The hobgoblin is almost dead.
The zap hits Robin.
You kill Robin!
The goblin hits you with a +0 club.
* * * LOW HITPOINT WARNING * * *
The hobgoblin barely misses you.
It was a potion of flight.
You feel very buoyant.
You fly up into the air.
The goblin hits you with a +0 club.
* * * LOW HITPOINT WARNING * * *
The hobgoblin hits you.
You die...

........### #.#
######.##
####.# #.#
#....# #+#
#.#### .?. #.#
.... #.# .....
##.##
$.....####...##
)..))gg@g.....#
......####...##
..... ##..#
.... ##†# ...
#)# #+ #.# #.
#.# ## #. #.#
...##.### #.#


You could see a hobgoblin (strong) and 2 goblins.

Vanquished Creatures
  Robin (D:2)
  An adder (D:2)
  4 ball pythons (D:1)
  2 bats (D:1)
  An endoplasm (D:1)
  5 goblins (D:2)
  6 hobgoblins
  2 jackals (D:1)
  A frilled lizard (D:1)
  2 kobolds
  2 rats (D:1)
27 creatures vanquished.

Notes
Turn   | Place    | Note
-------+----------+-------------------------------------------
     0 | D:1      | Duralumin the Demonspawn Air Elementalist began the quest
                  | for the Orb.
     0 | D:1      | Reached XP level 1. HP: 13/13 MP: 3/3
   264 | D:1      | Discovered your monstrous ancestry.
   264 | D:1      | Gained mutation: You have sharp fingernails. [demonic
                  | ancestry]
   264 | D:1      | Reached XP level 2. HP: 18/19 MP: 0/5
   342 | D:1      | Reached skill level 3 in Air Magic
   357 | D:1      | Learned a level 2 spell: Static Discharge
   933 | D:2      | Gained mutation: You have large cloven feet. [demonic
                  | ancestry]
   933 | D:2      | Reached XP level 3. HP: 10/24 MP: 0/6
  1108 | D:2      | Noticed Robin
  1114 | D:2      | Killed Robin
  1115 | D:2      | Slain by a hobgoblin

Illustrated notes

Levels and vault maps discovered:
D:1:      minmay_arrival_three_doors, layout_rooms, minmay_tree_intersection,
          nicolae_concentric_dashed_squares_mild
D:2:      layout_loops_corners, basic_ecumenical_altar, minmay_box_of_dots,
          uniq_robin

Skill      XL: |  1  2  3 |
---------------+----------+-----
Air Magic      | 3 |  3.2
Conjurations   | 2 |  2.1
Dodging        | |  1.7
Stealth        | |  1.7
Spellcasting   | |  2.6

Action                   || total
-------------------------++-------
Melee: Unarmed           ||    16
 Cast: Shock             ||    27
       Static Discharge  ||     6
  Use: Potion            ||     1
Armor: Robe              ||    10
Dodge: Dodged            ||    31
